[Event "*** Titled Tuesday Blitz"]
[Site "Chess.com"]
[Date "2018.07.03"]
[Round "8"]
[White "OparinGrigoriy"]
[Black "pouya21"]
[Result "1-0"]
[WhiteElo "2888"]
[BlackElo "2655"]
[TimeControl "180+2"]
[EndTime "14:44:18 PDT"]
[Termination "OparinGrigoriy won by resignation"]

1. Nf3 f5 2. d4 g6 3. c4 Nf6 4.
Nc3 Bg7 5. e3 O-O 6. Be2 d6 7. O-O Qe8 8. b3 e5 9. dxe5 dxe5 10. Ba3 Rf7 11. Qc2 e4 12. Ng5 Rd7 13. Rad1 h6 14. Nh3 Rxd1 15. Rxd1 Be6 16. Nf4 Bf7 17.
Nfd5 Na6 18. Nb5 Nxd5 19. cxd5 Qe5 20. d6 c6 21. d7 Rd8 22. Nd6 Rxd7 23. Nxf7 Rxd1+ 24.
Qxd1 Kxf7 25. Qd7+ Kg8 26. Qxb7 Nc5 27. Bxc5 Qxc5 28. Bc4+ Kh7 29. g3 h5 30. h4 a5 31. Qd7 a4 32. Kg2 axb3 33. Bxb3 Kh6 34. Bf7 Be5 35. a4 Qd6 36. Qe8 c5 37. a5 Kg7 38.
Bxg6 Qxg6 39. Qxe5+ Kh7 40. Qxc5 Qg4 41. Qc7+ Kh8 42.
Qf4 Qe2 43. Qxf5 1-0

[Event "*** Titled Tuesday Blitz"]
[Site "Chess.com"]
[Date "2018.07.03"]
[Round "8"]
[White "Alopekos"]
[Black "morphy1984"]
[Result "1-0"]
[WhiteElo "2439"]
[BlackElo "2483"]
[TimeControl "180+2"]
[EndTime "14:44:22 PDT"]
[Termination "Alopekos won by resignation"]

1. e4 e5 2. Nf3 Nc6 3. Bb5 f5 4. Bxc6 dxc6 5. Nc3 fxe4 6. Nxe4 Nf6 7. Qe2 Bg4 8. h3 Bxf3 9. Qxf3 Be7 10. O-O Qd5 11. Re1 O-O 12. d3 Rae8 13. Qe2 Bd6 14. Bg5 Nd7 15. Qg4 Qe6 16. Qxe6+ Rxe6 17. Bd2 c5 18. Re2 h6 19. Rae1 Be7 20. Bc3 Ra6 21. a3 Bf6 22.
Nd2 Re6 23. f4 Rfe8 24. Nf3 e4 25. Rxe4 Rxe4 26. Rxe4 Rxe4 27. dxe4 Bxc3 28. bxc3 Nb6 29. Nd2 Na4 30. Nb1 Nb2 31. Kf2 Nc4 32. Ke2 b5 33. Kd3 Kf7 34. e5 Ke6 35. Ke4 c6 36.
g4 a5 37. h4 b4 38. cxb4 cxb4 39. axb4 axb4 40. f5+ Ke7 41. Kd4 Na3 42. Nxa3 bxa3 43. Kc3 1-0

[Event "*** Titled Tuesday Blitz"]
[Site "Chess.com"]
[Date "2018.07.03"]
[Round "8"]
[White "ChrisTool2"]
[Black "andrzej"]
[Result "1-0"]
[WhiteElo "2273"]
[BlackElo "2205"]
[TimeControl "180+2"]
[EndTime "14:44:27 PDT"]
[Termination "ChrisTool2 won by checkmate"]

1. d4 Nf6 2. c4 e6 3. Nf3 b6 4. a3 Bb7 5. Nc3 d5 6. Qc2 Nbd7 7. cxd5 Nxd5 8. e4 Nxc3 9. bxc3 c5 10. Bb5 a6 11. Bd3 Rc8 12. Qe2 cxd4 13. cxd4 b5 14. d5 exd5 15. O-O Be7 16. Bb2 dxe4 17. Bxe4 Bxe4 18.
Qxe4 O-O 19. Rad1 Bf6 20. Qg4 Bxb2 21. Rxd7 Qf6 22. Rfd1 Rc1 23. h3 Rxd1+ 24. Rxd1 Bxa3 25. Ng5 Qg6 26. Qh4 Be7 27. f4 h6 28. Qe1 Bc5+ 29.
Kh1 hxg5 30. Rd5 Qe6 31. Re5 Qb6 32. fxg5 b4 33. Qc1 Bd4 34. Rd5 b3 35. g6 fxg6 36. Qc4 Kh7 37. Rxd4 Rb8 38. Rh4# 1-0

[Event "*** Titled Tuesday Blitz"]
[Site "Chess.com"]
[Date "2018.07.03"]
[Round "8"]
[White "Dr-Bassem"]
[Black "Korchmar_Vasiliy"]
[Result "0-1"]
[WhiteElo "2719"]
[BlackElo "2726"]
[TimeControl "180+2"]
[EndTime "14:44:48 PDT"]
[Termination "Korchmar_Vasiliy won on time"]

1. e4 c5 2. Nf3 d6 3. g3 Nc6 4. Bg2 g6 5. O-O Bg7 6. c3 e5 7. d3 Nge7 8. a3 a5 9. a4 O-O 10. Be3 b6 11. Nfd2 d5 12. exd5 Nxd5 13. Nc4 Be6 14. Qd2 Rb8 15. Nba3 Qd7 16. Bh6 Bh3 17. Bxg7 Kxg7 18. Bxh3 Qxh3 19. Rfe1 Rbe8 20. Qe2 f5 21. Qf1 Qh5 22. Qg2 Rd8 23. Nxe5 Nxe5 24. Rxe5 Nf6 25. Re7+ Kg8 26. Rae1 Rxd3 27. Nc4 Ne4 28. h3 Ng5 29.
Qb7 Nf3+ 30. Kg2 Nxe1+ 31. Rxe1 f4 32. Qe4 Rdd8 33. g4 Qh4 34. Qe6+ Kg7 35. Qe7+ Qxe7 36. Rxe7+ Rf7 37. Re4 f3+ 38. Kg3 Rd1 39. Ne3 Rg1+ 40. Kh2 Rb1 41. Nc4 Rf1 42. Kg3 Rg1+ 43. Kh4 Rg2 44. Ne5 Rf8 45. Nd3 Rd8 46. Re3 Rd5 0-1

[Event "*** Titled Tuesday Blitz"]
[Site "Chess.com"]
[Date "2018.07.03"]
[Round "8"]
[White "attack2mateU"]
[Black "meoluoi91"]
[Result "0-1"]
[WhiteElo "2650"]
[BlackElo "2520"]
[TimeControl "180+2"]
[EndTime "14:44:59 PDT"]
[Termination "meoluoi91 won by resignation"]

1. e4 c6 2. d4 d5 3. e5 c5 4. Nf3 e6 5. c3 Ne7 6. Bd3 Nec6 7. O-O Be7 8. a3 cxd4 9. cxd4 O-O 10. b4 a6 11. Nc3 Nd7 12. Be3 Re8 13. Na4 Nf8 14. Rc1 f5 15. exf6 Bxf6 16. Bb1 e5 17. dxe5 Nxe5 18.
Nxe5 Bxe5 19. Nb6 Be6 20. Nxa8 Qxa8 21. Ba2 Qd8 22. Re1 Qd6 23. Bc5 Bxh2+ 24. Kh1 Qf4 25.
g3 Qh6 26. Bxd5 Bxg3+ 27. Kg1 Qh2+ 28. Kf1 Qh3+ 29. Bg2 Qf5 30. Qf3 Bf4 31. Rcd1 Bc4+ 32. Kg1 Ne6 33. Be3 Rf8 34. Bh3 Qg6+ 35. Qg2 Ng5 36. Bg4 h5 37. Bxf4 Rxf4 38. Rd8+ Kh7 39. Bd1 Bb5 40. Re3 Bc6 41. f3 Qf6 42. Rd2 Nxf3+ 43.
Bxf3 Bxf3 44. Qh3 Bg4 45. Qf3 Rxf3 0-1

[Event "*** Titled Tuesday Blitz"]
[Site "Chess.com"]
[Date "2018.07.03"]
[Round "8"]
[White "FairChess_on_YouTube"]
[Black "gmcorrales"]
[Result "1-0"]
[WhiteElo "2923"]
[BlackElo "2675"]
[TimeControl "180+2"]
[EndTime "14:45:03 PDT"]
[Termination "FairChess_on_YouTube won by resignation"]

1. d4 Nf6 2. Bg5 d5 3. Nd2 g6 4. e3 Bg7 5. c3 O-O 6. Bd3 Re8 7. f4 c5 8. Ngf3 Bg4 9. O-O Nc6 10. Qe1 Qb6 11.
Rb1 Bxf3 12. Nxf3 Ne4 13. Kh1 f5 14. Qh4 e6 15. Bh6 Qd8 16. Qh3 Bf6 17. g4 Rc8 18. Rbe1 Kh8 19. Re2 cxd4 20. exd4 Rc7 21. Rg2 Rg8 22. Ne5 Nxe5 23. fxe5 Be7 24. gxf5 exf5 25.
Qf3 Bf8 26. Bf4 Rcg7 27. Bc1 Be7 28. c4 dxc4 29. Bxe4 fxe4 30. Qxe4 Re8 31. Bh6 Rgg8 32. Rf7 Bf8 33. Bg5 Be7 34. Qxb7 Rg7 35. Rxg7 Kxg7 36. d5 Qa5 37. d6 Kg8 38. Bxe7 Qxe5 39. Qc6 Rb8 40. Qxc4+ Kg7 41. Qc3 Qxc3 42. bxc3 Kf7 43. Rd2 Ke6 44. Kg2 Kd7 45. Kf3 Rb5 46. c4 Rh5 47.
Rb2 Rh3+ 48. Kg4 Rd3 49. Rb7+ Ke6 50. c5 h6 51. c6 Rc3 52. c7 Kd7 53. Rb8 1-0

[Event "*** Titled Tuesday Blitz"]
[Site "Chess.com"]
[Date "2018.07.03"]
[Round "8"]
[White "GameOverBro"]
[Black "EndgameGrinder"]
[Result "1/2-1/2"]
[WhiteElo "2439"]
[BlackElo "2457"]
[TimeControl "180+2"]
[EndTime "14:45:07 PDT"]
[Termination "Game drawn by agreement"]

1. e4 c5 2. Ne2 Nc6 3. Nbc3 e6 4. d4 cxd4 5. Nxd4 Qc7 6. g3 a6 7.
Bg2 d6 8. O-O Bd7 9. Nce2 Nf6 10. b3 Be7 11. c4 O-O 12. Bb2 Rac8 13. Rc1 Qa5 14. Bc3 Qh5 15. f3 d5 16. exd5 exd5 17.
Nf4 Qg5 18. Nxd5 Nxd5 19. cxd5 Qxd5 20. f4 Qc5 21. Kh1 Rfd8 22. Nxc6 Bxc6 23. Qg4 Bxg2+ 24. Kxg2 Qd5+ 25. Kh3 Bf8 26. Bxg7 f5 27. Qg5 Bxg7 28. Rfd1 Rxc1 29. Rxd5 Rxd5 30. Qe7 Rc6 31. Qxb7 Rh6+ 32. Kg2 Rd2+ 33. Kf3 Rhxh2 34. Qc8+ Bf8 35. Qe6+ Kg7 36. Qe5+ Kg6 37. Qe6+ Kg7 38. Qe5+ Kf7 39. Qxf5+ Ke8 40. Qe6+ Be7 41. Qc8+ Kf7 42. Qf5+ Bf6 43. Qa5 Rdf2+ 44. Kg4 Rd2 45. Qxa6 h5+ 46. Kf5 Rd5+ 47. Ke4 Rhd2 48. Qb7+ Ke6 49. Qc6+ Rd6 50. Qc4+ Ke7 51. Qc7+ Ke6 52.
Qc8+ Ke7 53. Qc7+ Ke6 54. Qc8+ 1/2-1/2

[Event "*** Titled Tuesday Blitz"]
[Site "Chess.com"]
[Date "2018.07.03"]
[Round "8"]
[White "CarlssonLudvig"]
[Black "maheswaran26"]
[Result "1-0"]
[WhiteElo "2143"]
[BlackElo "1989"]
[TimeControl "180+2"]
[EndTime "14:45:08 PDT"]
[Termination "CarlssonLudvig won by resignation"]

1. d4 Nf6 2. Nf3 g6 3. Nc3 Bg7 4. e4 O-O 5. e5 Ne8 6. Be2 d6 7. Bf4 Nc6 8. exd6 cxd6 9. O-O Bg4 10. Be3 Rc8 11. h3 Bf5 12. Bd3 Bxd3 13. Qxd3 a6 14. a3 d5 15. Ne2 Nd6 16. Rad1 e6 17. Bc1 Ne4 18. Ng3 Nxg3 19. fxg3 b5 20. c3 Qb6 21. Kh2 a5 22. b4 axb4 23. axb4 Ne7 24. Bd2 Nf5 25.
g4 Nd6 26. Bf4 Ne4 27. Rc1 Rc6 28. Ne5 Rc7 29. Nf3 Rc6 30. Ne5 Rc7 31. h4 Rfc8 32.
Bd2 f6 33. Nf3 Qd6+ 34. Kg1 Qg3 35. Be1 Qxg4 36. Qxb5 Nxc3 37. Bxc3 Rxc3 38. Rxc3 Rxc3 39. Qe8+ Bf8 40. b5 Rb3 41. Qc6 Rb2 42. Rf2 Rxf2 43. Kxf2 e5 44. Qxd5+ Kg7 45. dxe5 fxe5 46. Qxe5+ Kg8 47.
Qd5+ Kg7 48. Qd4+ Qxd4+ 49. Nxd4 Bc5 50. Ke3 Kf6 51. Ke4 g5 52. hxg5+ Kxg5 53. Ne6+ Kf6 54. Nxc5 1-0

[Event "*** Titled Tuesday Blitz"]
[Site "Chess.com"]
[Date "2018.07.03"]
[Round "8"]
[White "champ2005"]
[Black "RiskyDecision"]
[Result "0-1"]
[WhiteElo "2690"]
[BlackElo "2529"]
[TimeControl "180+2"]
[EndTime "14:45:15 PDT"]
[Termination "RiskyDecision won by resignation"]

1. e4 e6 2. d4 d5 3. Nc3 dxe4 4. Nxe4 Nd7 5. Nf3 Ngf6 6. Nxf6+ Nxf6 7. Bd3 c5 8. dxc5 Bxc5 9. Qe2 O-O 10. Bg5 h6 11. Bh4 Qa5+ 12. c3 Nd5 13. Qe4 f5 14.
Qc4 g5 15. Nxg5 hxg5 16. Bxg5 Be7 17. Bxe7 Nxe7 18. O-O-O Bd7 19. Qh4 Rf7 20. Kb1 Bb5 21. Qg3+ Rg7 22. Qe3 Bxd3+ 23. Rxd3 e5 24. Rhd1 e4 25.
Rd7 Qe5 26. Rxb7 f4 27. Qe2 e3 28. fxe3 Qe4+ 29. Ka1 Qxb7 30. exf4 Qxg2 31. Qe6+ Kh7 32. Re1 Rf8 33. Qe3 Nf5 34. Qd3 Qg6 35. a3 Qf6 36.
Qh3+ Qh6 37. Qf3 Rgf7 38. Ka2 Qg6 39. Qh3+ Qh6 40. Qf3 Rg7 41. Re5 Qf6 42. Qh3+ Kg8 43. Qd3 Qf7+ 44. c4 Rg2 45. Qe4 Rxh2 46. Rc5 Qf6 47.
Re5 Kg7 48. Qd3 Rh6 49. Qe2 Rg6 50. Qd3 Qf7 51. Rd5 Rg3 52. Qd2 Re8 53. Qc2 Ne3 54.
Qc3+ Kg8 55. Rd4 Rg7 56. Qd3 Nf5 57. Rd5 Ne7 58. Rd4 Rc8 59. Qe2 Nf5 60. Re4 Nd6 61. Re6 Nxc4 62. f5 Nb6 63. Qe4 Re8 0-1

[Event "*** Titled Tuesday Blitz"]
[Site "Chess.com"]
[Date "2018.07.03"]
[Round "8"]
[White "volodja49"]
[Black "gmjlh"]
[Result "1/2-1/2"]
[WhiteElo "2489"]
[BlackElo "2650"]
[TimeControl "180+2"]
[EndTime "14:45:19 PDT"]
[Termination "Game drawn by repetition"]

1. d4 Nf6 2. c4 e6 3. Nf3 d5 4.
cxd5 exd5 5. Nc3 c6 6. Bg5 Bf5 7. e3 Nbd7 8. Bd3 Bxd3 9. Qxd3 Be7 10. O-O O-O 11. Rab1 Ne4 12. Bxe7 Qxe7 13. Qc2 Nd6 14. Na4 a5 15. b3 Nb5 16. Rbc1 Rfe8 17. Rfd1 Qa3 18. Ng5 g6 19. h4 Qe7 20. Nf3 Kg7 21.
Nc3 Nxc3 22. Qxc3 Qb4 23. Qc2 a4 24. Rb1 a3 25. Rbc1 Re4 26. Qc3 Qxc3 27. Rxc3 Nb8 28. b4 Ra4 29. Rb1 Na6 30. Rcb3 Nc7 31. g3 Nb5 32.
Nd2 Re7 33. Rc1 h6 34. Nb1 Re8 35. Nc3 Nxc3 36. Rcxc3 Rea8 37. b5 Rc4 38. bxc6 bxc6 39. Rxa3 Rxa3 40. Rxa3 Rc2 41. Kg2 g5 42. h5 g4 43. Ra7 Kf6 44. a4 Ra2 45. a5 Kg5 46. Rxf7 Rxa5 47. Rg7+ Kxh5 48. Kf1 Ra2 49. Rg8 Rc2 50.
Kg2 Rb2 51. Rg7 Rc2 52. Rg8 Rb2 53. Rg7 Rc2 54. Rg8 1/2-1/2

[Event "*** Titled Tuesday Blitz"]
[Site "Chess.com"]
[Date "2018.07.03"]
[Round "8"]
[White "GM_dmitrij"]
[Black "rasmussvane"]
[Result "1/2-1/2"]
[WhiteElo "2799"]
[BlackElo "2607"]
[TimeControl "180+2"]
[EndTime "14:45:23 PDT"]
[Termination "Game drawn by stalemate"]

1. e4 c6 2. d4 d5 3. e5 Bf5 4. h4 h5 5. Bd3 Bxd3 6. Qxd3 Qa5+ 7. Nd2 e6 8. Ne2 Qa6 9. c4 Nh6 10. b3 Nf5 11. Nf3 c5 12. O-O Nc6 13. Rd1 dxc4 14. bxc4 cxd4 15. Nexd4 Nfxd4 16. Nxd4 Rd8 17. Be3 Bc5 18.
Qc3 Bxd4 19. Bxd4 Nxd4 20. Rxd4 O-O 21. c5 Rxd4 22. Qxd4 Qa5 23. Rd1 Qxa2 24. Ra1 Qd5 25. Qxd5 exd5 26. Rxa7 Rc8 27. Rxb7 Rxc5 28. Kf1 Kf8 29.
Ke2 Rc4 30. Rd7 Re4+ 31. Kf3 Rxe5 32. Kf4 f6 33. f3 Kg8 34. g4 Kh7 35. g5 Kg6 36.
gxf6 gxf6 37. Rc7 Re1 38. Rd7 Rd1 39. Rc7 Rd4+ 40. Kg3 Rd1 41. Rd7 d4 42. Kf4 d3 43.
Ke3 Re1+ 44. Kf4 Rd1 45. Ke3 Rh1 46. Rd4 Kf5 47. Rf4+ Ke5 48. Re4+ Kf5 49. Rf4+ Ke5 50. Re4+ Kd5 51. Kxd3 f5 52. Ra4 Ke5 53. Ke3 f4+ 54.
Rxf4 Re1+ 55. Kf2 Kxf4 56. Kxe1 Kxf3 57. Kf1 Kg3 58. Kg1 Kxh4 59. Kh2 Kg4 60. Kg2 h4 61. Kh2 h3 62. Kh1 Kg3 63. Kg1 h2+ 64. Kh1 Kh3 1/2-1/2

[Event "*** Titled Tuesday Blitz"]
[Site "Chess.com"]
[Date "2018.07.03"]
[Round "8"]
[White "Morshynska"]
[Black "Yurovskykh_Oleksandr"]
[Result "0-1"]
[WhiteElo "2140"]
[BlackElo "2403"]
[TimeControl "180+2"]
[EndTime "14:45:23 PDT"]
[Termination "Yurovskykh_Oleksandr won on time"]

1. d4 Nf6 2. c4 c5 3. Nf3 cxd4 4.
Nxd4 e6 5. g3 d5 6. Bg2 e5 7.
Nf3 d4 8. O-O Nc6 9. e3 Be7 10. exd4 exd4 11. Re1 O-O 12. Nbd2 Bg4 13. h3 Bh5 14. Nb3 d3 15. Be3 Bb4 16. Rf1 Ne5 17. Bg5 h6 18. Bxf6 Qxf6 19. g4 Bg6 20. Kh1 Rac8 21.
Nxe5 Qxe5 22. f4 Qxb2 23. f5 Bh7 24. Qxd3 Rfd8 25. Qe3 Rxc4 26. Rad1 Rcc8 27. Bd5 Bd6 28. Rf2 Qe5 29. Qxe5 Bxe5 30. Rfd2 Kf8 31. Bxb7 Rxd2 32. Rxd2 Rc7 33. Bd5 g6 34. Be4 gxf5 35. gxf5 Rc4 36. Bd3 Rf4 37. Nc5 Ke7 38. Re2 Kd6 39. Ne4+ Kd5 40.
Nf2 Bxf5 41. Bxf5 Rxf5 42. Ng4 Bf4 43. Rf2 Ke6 44. Re2+ Kd5 45. Rf2 Ke4 46. Kg2 Bg5 47. Re2+ Kd3 48. Rb2 Ra5 49. Rb3+ Kc2 50. Rb7 f5 51.
Nf2 Rxa2 52. Rf7 Be3 53. Kf3 Bxf2 54. Kxf2 Ra5 55. h4 Re5 56. h5 f4 57. Rxf4 Rxh5 58. Rf6 a5 59. Ra6 Rf5+ 60. Ke3 h5 61. Kd4 Kb3 62.
Rb6+ Ka2 63. Kc3 a4 64. Rh6 a3 65. Kc2 Rc5+ 66. Kd3 Ka1 0-1

[Event "*** Titled Tuesday Blitz"]
[Site "Chess.com"]
[Date "2018.07.03"]
[Round "8"]
[White "murmah2003"]
[Black "Artur0208"]
[Result "1-0"]
[WhiteElo "2609"]
[BlackElo "2454"]
[TimeControl "180+2"]
[EndTime "14:45:31 PDT"]
[Termination "murmah2003 won on time"]

1. d4 d5 2. Nf3 e6 3. c4 Nf6 4. Nc3 Be7 5. Bf4 O-O 6. e3 Nbd7 7. Qc2 c6 8. h3 h6 9. a3 a6 10. Rd1 dxc4 11. Bxc4 b5 12. Bd3 Bb7 13. O-O Qb6 14.
b4 a5 15. Qb2 Nd5 16. Nxd5 exd5 17. Ne5 Nxe5 18. dxe5 axb4 19. axb4 Ra4 20. Qe2 Rxb4 21. Qg4 Bc8 22. Qh5 Be6 23. g3 Rb3 24. Bc2 Rc3 25. Bb1 Rb3 26. Bc2 Rc3 27. Bb1 Rb3 28. Bc2 Rb2 29.
Bd3 Rb3 30. Bc2 Rc3 31. Bb1 Rc4 32. Bxh6 gxh6 33. Qxh6 Re4 34. Rd4 Bf5 35. Bxe4 dxe4 36. g4 Bh7 37. Rd7 Re8 38. Rfd1 Bf8 39. Qg5+ Bg6 40. h4 Qc5 41. h5 Rxe5 42. Qf4 Bxh5 43. gxh5 Rg5+ 44. Kf1 Qc4+ 45. R1d3 Rg7 46. h6 Rh7 47.
Qg4+ Kh8 48. Rd8 Qc5 49. R3d6 Qc4+ 50. Kg2 1-0

[Event "*** Titled Tuesday Blitz"]
[Site "Chess.com"]
[Date "2018.07.03"]
[Round "8"]
[White "1b31-0"]
[Black "ama18"]
[Result "0-1"]
[WhiteElo "2206"]
[BlackElo "2279"]
[TimeControl "180+2"]
[EndTime "14:45:45 PDT"]
[Termination "ama18 won by resignation"]

1. b3 Nf6 2. Bb2 e6 3. e3 c5 4.
c4 b6 5. Nf3 Bb7 6. Be2 a6 7. Nc3 Be7 8. O-O Qc7 9. Qc2 d6 10.
d4 cxd4 11. Nxd4 Nbd7 12. Bf3 Bxf3 13. Nxf3 O-O 14. Rfd1 Rfe8 15. Rd2 Rac8 16. Rad1 b5 17. cxb5 axb5 18. Qd3 b4 19. Nb5 Qa5 20. Nxd6 Nc5 21.
Qe2 Bxd6 22. Bxf6 Bxh2+ 23. Nxh2 gxf6 24. Qg4+ Kf8 25. Qh4 Rcd8 26. Qxh7 Ke7 27. Nf3 Rh8 28. Qc2 Rxd2 29. Qxd2 Rd8 30. Qxd8+ Qxd8 31. Rxd8 Kxd8 32. Ne1 Kc7 33. Kf1 Kb6 34. Ke2 Ne4 35. Kd3 Nxf2+ 36.
Kc4 Nd1 37. Kxb4 Nxe3 38. Nd3 Nxg2 39. Nb2 Ne3 40. a4 Nd5+ 41. Kc4 f5 42. b4 f4 43. a5+ Ka6 44. Na4 f3 45. Nc5+ Ka7 46. Nd3 Ne3+ 47. Kc5 Ka6 48. Kc6 Nd5 49. Nc5+ Ka7 50. b5 Nb4+ 51.
Kc7 Nd5+ 52. Kc8 f2 53. b6+ Nxb6+ 54. axb6+ Kxb6 55. Nd7+ Kb5 56. Ne5 f1=Q 57. Nd7 Qc4+ 58. Kd8 Qd5 59. Ke7 Qxd7+ 60. Kxd7 e5 61. Kd6 e4 0-1

[Event "*** Titled Tuesday Blitz"]
[Site "Chess.com"]
[Date "2018.07.03"]
[Round "8"]
[White "Kaphrep"]
[Black "chessking2151"]
[Result "0-1"]
[WhiteElo "2643"]
[BlackElo "2480"]
[TimeControl "180+2"]
[EndTime "14:45:47 PDT"]
[Termination "chessking2151 won by resignation"]

1. d4 Nf6 2. Bf4 d5 3. e3 e6 4.
Nf3 c5 5. c3 Nc6 6. Nbd2 Bd6 7.
Bg3 O-O 8. Bb5 Be7 9. Bd3 Nh5 10. Ne5 g6 11. Nxc6 bxc6 12. Be5 f6 13. Bg3 cxd4 14.
cxd4 c5 15. dxc5 Bxc5 16. Bh4 Qa5 17. O-O Bb4 18. Nb3 Qb6 19. Be2 Ng7 20. Bg3 Ba6 21.
Bxa6 Qxa6 22. Nd4 Rac8 23. a3 Bc5 24. Ne2 Nf5 25. Rc1 Be7 26. Qd2 Rxc1 27. Rxc1 Rc8 28. Rxc8+ Qxc8 29. Kf1 Qc4 30. f3 Bc5 31. Bf2 Bb6 32.
g4 Nd6 33. Ke1 Qc8 34. b3 Qc7 35. Kd1 Ba5 36. Qc2 Qxc2+ 37. Kxc2 Bb6 38. Kd3 Kf7 39. Bg3 e5 40. e4 Ke6 41. exd5+ Kxd5 42. Nc3+ Ke6 43.
Be1 f5 44. gxf5+ gxf5 45. b4 Bd4 46. Ne2 Bb6 47. a4 e4+ 48. fxe4 fxe4+ 49. Kc3 Kd5 50.
Nf4+ Ke5 51. Ne2 Kd5 52. Bg3 Nf5 53. Nf4+ Kc6 54. Ne2 Be3 55. Be5 Bf2 56. h3 Kd5 57. Bb8 Be3 58. b5 Nd4 59. Nxd4 Bxd4+ 60. Kd2 Kc4 61. Ke2 Kb4 62. b6 axb6 63. Bc7 Kxa4 64. Kd2 Kb4 65. Kc2 Kc4 66. Bd6 b5 67. Kd1 Kd3 0-1

[Event "*** Titled Tuesday Blitz"]
[Site "Chess.com"]
[Date "2018.07.03"]
[Round "8"]
[White "Margency"]
[Black "albi1999"]
[Result "1/2-1/2"]
[WhiteElo "2657"]
[BlackElo "2524"]
[TimeControl "180+2"]
[EndTime "14:45:55 PDT"]
[Termination "Game drawn by repetition"]

1. e4 e5 2. Nf3 Nc6 3. Bc4 Bc5 4. d3 Nf6 5. O-O d6 6. c3 a6 7. Bb3 Ba7 8. Nbd2 O-O 9. h3 Re8 10. Re1 Be6 11. Bc2 h6 12. Nf1 d5 13. exd5 Nxd5 14. Ng3 Nf4 15. Bxf4 exf4 16. Ne2 Qf6 17. d4 Ne7 18.
Qd2 g5 19. Nc1 c5 20. dxc5 Rad8 21. Nd3 Bxc5 22. Rad1 Ng6 23. Qc1 Bd6 24. Nd4 Bc8 25.
Rxe8+ Rxe8 26. Re1 Rd8 27. Qd1 Bb8 28. Nc5 Ba7 29.
Ncb3 Be6 30. Qf3 Bc8 31. Qe4 Bb8 32. Nc5 b6 33. Ncb3 Bd7 34. Nd2 Re8 35. Qxe8+ Bxe8 36. Rxe8+ Kg7 37. Rxb8 Qe5 38. Rxb6 Qe1+ 39. Nf1 Nh4 40.
Nf5+ Nxf5 41. Bxf5 a5 42. a3 Qe5 43. Bg4 Qc5 44. Rb7 Kg6 45. Bf3 h5 46. a4 f5 47.
Rb5 Qc7 48. Bd5 g4 49. h4 g3 50. fxg3 fxg3 51. c4 Qf4 52. Bf3 Qd4+ 53. Kh1 Qf2 54. Nxg3 Qxg3 55. c5 Qxh4+ 56. Kg1 Qe1+ 57. Kh2 h4 58. c6 Kg5 59. Rb7 Qg3+ 60. Kh1 Kf4 61. c7 Qe1+ 62. Kh2 Qg3+ 63. Kh1 Qe1+ 64. Kh2 Qg3+ 65. Kh1 Qe1+ 66. Kh2 1/2-1/2

[Event "*** Titled Tuesday Blitz"]
[Site "Chess.com"]
[Date "2018.07.03"]
[Round "8"]
[White "ahmadzada13"]
[Black "vovachesss"]
[Result "0-1"]
[WhiteElo "2485"]
[BlackElo "2437"]
[TimeControl "180+2"]
[EndTime "14:46:04 PDT"]
[Termination "vovachesss won by resignation"]

1. e4 c5 2. Nf3 Nc6 3. Bb5 g6 4. Bxc6 dxc6 5. d3 Bg7 6. O-O Bg4 7. h3 Bxf3 8. Qxf3 e5 9. Nc3 Nf6 10. Be3 Qe7 11. Qe2 Nh5 12. Qd2 O-O 13. Bh6 Rad8 14.
b3 Nf4 15. Bxf4 exf4 16. Rae1 g5 17. Ne2 Qe6 18. Kh1 f5 19. exf5 Qxf5 20. Ng1 h5 21. Qe2 Rd6 22. Qxh5 Rh6 23. Qe2 g4 24. Qe4 Qh5 25.
f3 gxh3 26. Nxh3 Qh4 27. Qe7 Qg3 28. Qd7 Rg6 29. Re2 Rf7 30. Qe8+ Bf8 31. Qc8 Rh7 32. Rff2 Rgh6 33. Qg4+ Rg6 34. Qxg3 fxg3 35. Rf1 b5 36. Rfe1 c4 37. bxc4 bxc4 38. dxc4 Bc5 39. Re8+ Kf7 40. Rc8 Rxh3+ 41. gxh3 g2+ 42. Kh2 g1=Q+ 43. Rxg1 Bxg1+ 44. Kh1 Bd4 45. Rc7+ Ke8 46. f4 Kd8 47. Rh7 a5 48.
Rh5 Rg1+ 49. Kh2 Rc1 50. Rxa5 Rxc2+ 51. Kg3 Rxc4 52. Kg4 c5 53. Kf5 Be3 54. Ra8+ Kc7 55. Ke6 Rxf4 56. Kd5 Rd4+ 57. Ke5 Rh4 58. Rg8 c4 59.
Rg2 c3 60. Rc2 Bd2 0-1

[Event "*** Titled Tuesday Blitz"]
[Site "Chess.com"]
[Date "2018.07.03"]
[Round "8"]
[White "Goala"]
[Black "2Tilted"]
[Result "1-0"]
[WhiteElo "2421"]
[BlackElo "2293"]
[TimeControl "180+2"]
[EndTime "14:46:09 PDT"]
[Termination "Goala won by resignation"]

1. d4 Nf6 2. c4 c5 3. d5 b5 4. cxb5 a6 5. bxa6 g6 6. Nc3 Bg7 7. g3 O-O 8. Bg2 d6 9. Nf3 Bxa6 10. O-O Nbd7 11. Rb1 Nb6 12. b3 Ne8 13. Bb2 Nc7 14.
Ne1 Qc8 15. Nc2 Qb7 16. Ne3 f5 17. Re1 f4 18. Nc2 Ra7 19. a4 Qa8 20. gxf4 Rxf4 21. e4 Qf8 22. Qd2 Be5 23. Nd1 Qf6 24. Bxe5 Qxe5 25.
Nde3 Bc8 26. Nf1 Nd7 27. Nce3 Rh4 28. Ng3 Nf6 29. Nc4 Qf4 30. Qxf4 Rxf4 31. Rbd1 Bg4 32.
Rd2 Rb7 33. Na5 Rb4 34. Re3 Bd7 35. Ne2 Rh4 36. f3 g5 37. Nc3 g4 38. f4 Rh5 39.
e5 Nfe8 40. e6 Bc8 41. Nc6 Kf8 42. Nxb4 cxb4 43. Nb5 Na6 44. Bf1 Bb7 45. Bc4 Nf6 46.
Red3 Nc5 47. Rd4 Rf5 48. a5 h5 49. Nc7 Nfe4 50. Re2 Nc3 51. Re1 h4 52. a6 Bxa6 53.
Nxa6 Nxa6 54. Bxa6 Nxd5 55. Bc4 Nxf4 56. Bf1 Rf6 57. Rxb4 Nxe6 58. Rbe4 Nc5 59. Rxe7 Nxb3 60. Bd3 Nd4 61. Re8+ Kg7 62. R1e7+ Kh6 63. Be2 Kg5 64. Re4 Nxe2+ 65. Rxe2 g3 66. hxg3 hxg3 67. Kg2 Kf4 68. R8e4+ Kf5 69. R4e3 Rh6 70. Rf3+ Kg4 71. Re4+ Kg5 72.
Kxg3 d5 73. Re5+ Kg6 74. Re6+ Kg5 75. Rxh6 Kxh6 1-0

[Event "*** Titled Tuesday Blitz"]
[Site "Chess.com"]
[Date "2018.07.03"]
[Round "8"]
[White "1e41-0"]
[Black "bugsbunny444"]
[Result "1/2-1/2"]
[WhiteElo "2493"]
[BlackElo "2386"]
[TimeControl "180+2"]
[EndTime "14:46:35 PDT"]
[Termination "Game drawn - insufficient material"]

1. d4 e6 2. c4 b6 3. Nc3 Bb7 4. f3 f5 5. Qc2 Qh4+ 6. g3 Qxd4 7. a3 Qxc4 8. e4 Qc5 9. b4 Qe7 10. exf5 exf5+ 11. Kf2 Nc6 12. Bf4 Nd4 13. Qd3 Ne6 14.
Re1 Nf6 15. Bxc7 Rc8 16. Nb5 Qf7 17. Bh3 Ne4+ 18. Kg2 Nxc7 19. Bxf5 Qxf5 20. Nd4 Qf7 21. Nh3 Be7 22. fxe4 O-O 23. Rhf1 Qa2+ 24. Re2 Ba6 25. Qxa6 Nxa6 26. Rxa2 Rxf1 27. Kxf1 Rc4 28. Nf5 Rxe4 29. Nf2 Re5 30. g4 g6 31. Nd3 Re6 32. Nxe7+ Rxe7 33. Rc2 d5 34. Rc8+ Kg7 35. g5 Nc7 36. Nf4 Rf7 37.
Kg2 Rxf4 38. Rxc7+ Rf7 39. Rc8 Rd7 40. Kf3 Kf7 41. Ke3 Ke6 42. Kd4 Kf5 43. a4 Kxg5 44. Rf8 Kg4 45. b5 Kh3 46. Rf2 g5 47. Rf5 h6 48. Rf6 h5 49. Rf5 Rg7 50. Rf2 Rd7 51. Rf5 Kxh2 52. Rxg5 h4 53. Rg6 h3 54. Rg5 Kh1 55. Rg6 h2 56. Rg5 Rc7 57. Rg3 Rc4+ 58.
Kxd5 Rxa4 59. Kc6 Ra2 60. Kb7 Ra5 61. Kc6 Ra2 62. Kb7 Rb2 63. Ka6 Rg2 64. Ra3 Kg1 65. Ra1+ Kf2 66. Kxa7 Rg6 67. Ra2+ Kg3 68. Ra3+ Kf4 69.
Rh3 Rg2 70. Kxb6 Kg4 71. Rh8 Kg3 72. Kc7 Rb2 73. b6 Kg2 74. b7 h1=Q 75. Rxh1 Kxh1 76. b8=Q Rxb8 77. Kxb8 1/2-1/2

[Event "*** Titled Tuesday Blitz"]
[Site "Chess.com"]
[Date "2018.07.03"]
[Round "8"]
[White "Hrant_ChessMood"]
[Black "platy3"]
[Result "1-0"]
[WhiteElo "2904"]
[BlackElo "2745"]
[TimeControl "180+2"]
[EndTime "14:46:42 PDT"]
[Termination "Hrant_ChessMood won by resignation"]

1. d4 Nf6 2. Nf3 g6 3. Nc3 d5 4. Bf4 Bg7 5. Nb5 Na6 6. e3 c6 7.
Nc3 Nc7 8. h3 O-O 9. Bd3 a5 10.
O-O a4 11. a3 Bf5 12. Bxf5 gxf5 13. Ne5 Ne4 14. Ne2 e6 15. f3 Nd6 16. Qe1 f6 17. Nd3 Qe7 18. Qg3 Rfd8 19. Kh1 Nce8 20.
Rg1 Qf7 21. Qh4 Kh8 22. g4 fxg4 23. hxg4 Nc4 24. Rg3 e5 25. Bh6 Bxh6 26. Qxh6 Qg6 27. Qf8+ Qg8 28. Qxg8+ Kxg8 29. g5 f5 30. Nxe5 Nxe3 31.
c3 Nc4 32. Nxc4 dxc4 33. Nf4 Ng7 34. g6 hxg6 35. Nxg6 f4 36. Nxf4 Kf7 37. Ng6 Nf5 38. Ne5+ Ke6 39. Rg6+ Kd5 40. Rg5 Rh8+ 41. Kg1 Rag8 42.
Rxg8 Rxg8+ 43. Kf2 Rh8 44. Ng4 Rh3 45. Re1 Kd6 46. Kg2 Rg3+ 47. Kf2 Rh3 48. Rg1 Ne7 49. Ne5 Rh2+ 50. Rg2 Rxg2+ 51. Kxg2 b5 52. Kg1 c5 53. Nf7+ Ke6 54. Ng5+ Kf5 55. Ne4 cxd4 56. cxd4 Ke6 57. Nc3 Nf5 58. Nxb5 Ne3 59. Nc3 Nc2 60. d5+ Ke5 61. Kf2 Nd4 62. Nxa4 Kxd5 63. Nc3+ Ke5 64. Ke3 Nc2+ 65. Kd2 Nd4 66. f4+ Kf5 67. Ne2 Nb5 68.
Ke3 Kf6 69. Nc3 Nd6 70. Ne4+ 1-0